 Dungeon Crawl Stone Soup version 0.19.5 (webtiles) character file.

4641 mikkilangelo the Blocker (level 10, -5/64 HPs)
             Began as a Gargoyle Fighter on Mar 18, 2017.
             Was a Follower of Qazlal.
             Killed by divine providence
             ... invoked by an orc priest
              (11 damage)
             ... on level 9 of the Dungeon.
             The game lasted 00:33:11 (9755 turns).

mikkilangelo the Blocker (Gargoyle Fighter)         Turns: 9755, Time: 00:33:11

Health: -5/64      AC: 23    Str: 21    XL:     10   Next: 43%
Magic:  10/10      EV:  5    Int:  8    God:    Qazlal [*.....]
Gold:   376        SH: 15    Dex: 12    Spells: 0 memorised, 9 levels left

rFire  + + .     SeeInvis .     z - +4 mace (venom)
rCold  . . .     Gourm    .     r - +0 plate armour
rNeg   + . .     Faith    .     c - +1 shield
rPois  ∞         Spirit   .     m - +0 helmet
rElec  +         Reflect  .     (no cloak)
rCorr  .         Harm     .     q - +0 pair of gloves
MR     .....                    (no boots)
Stlth  ..........               (no amulet)
                                w - ring of protection from fire
                                s - ring of protection from fire

@: no status effects
A: negative energy resistance 1, electricity resistance, unbreathing,
petrification resistance, rot immunity, AC +7
a: Renounce Religion


You were on level 9 of the Dungeon.
You worshipped Qazlal.
Qazlal was aware of your devotion.
You were very hungry.

You visited 2 branches of the dungeon, and saw 10 of its levels.

You collected 376 gold pieces.

Inventory:

Hand Weapons
 a - a +0 flail
 y - a +1 mace of draining
 z - a +4 mace of venom (weapon)
Armour
 b - a +0 scale mail
 c - a +1 shield (worn)
 m - a +0 helmet (worn)
 q - a +0 pair of gloves (worn)
 r - a +0 plate armour (worn)
Jewellery
 g - an uncursed ring of teleportation
 s - a ring of protection from fire (left hand)
 w - a ring of protection from fire (right hand)
Wands
 f - a wand of polymorph (11/24)
 l - a wand of paralysis (0/24)
 p - a wand of lightning (10/15)
 B - a wand of lightning (7/15)
Scrolls
 d - a scroll of identify
 h - 2 scrolls of fog
 i - 10 scrolls of remove curse
 k - 3 scrolls of fear
 u - a scroll of amnesia
 v - a scroll of recharging
Potions
 e - 2 potions of magic
 j - 2 potions of flight
 n - a potion of cancellation
 t - a potion of curing
Comestibles
 o - 2 chunks of flesh
 x - a bread ration
 A - 2 meat rations


   Skills:
 + Level 8.1 Fighting
 + Level 7.0 Maces & Flails
 + Level 7.9 Armour
 * Level 10.8 Shields


You had 9 spell levels left.
You didn't know any spells.

Dungeon Overview and Level Annotations

Branches:
Dungeon (9/15)             Temple (1/1) D:7
   Lair: D:8-11         Orc: D:9-12

Altars:
Ashenzari
Cheibriados
Dithmenos
Elyvilon
Fedhas
Gozag
Hepliaklqana
Kikubaaqudgha
Makhleb
Nemelex Xobeh
Okawaru
Qazlal
Ru
Sif Muna
Trog
Uskayaw
Vehumet
Xom
Yredelemnul
Zin
The Shining One

Annotations:
D:5 1 runed door


Innate Abilities, Weirdness & Mutations

You are resistant to torment.
Your stone body is resilient. (AC +7)
You are immune to poison.
You resist negative energy. (rN+)
You are resistant to electric shocks. (rElec)
You can survive without breathing.
You are immune to petrification.
You are immune to rotting.


Message History

The ogre zombie is moderately damaged.
You block the hobgoblin zombie's attack.
The orc priest looks satisfied for a moment.
The ogre zombie hits you but does no damage.
An orc zombie comes into view.
You hit the ogre zombie.
The ogre zombie is moderately damaged.
The hobgoblin zombie hits you but does no damage.
The orc priest calls down the wrath of Beogh upon you.
Beogh smites you! You block the ogre zombie's attack.
You sock the ogre zombie!
The ogre zombie is heavily damaged.
The orc priest mumbles some strange prayers to Beogh against you.
Beogh smites you!
* * * LOW HITPOINT WARNING * * *
You block the hobgoblin zombie's attack.
An ogre zombie comes into view.
The orc priest mumbles some strange prayers to Beogh against you.
Beogh smites you!
You die...

#.# . #.# .# #.# ..
#.# #. #.#
Z#####.#####..
#Z#.##........
#.#.@...# #Z..#..#
#..Zo.Z###..# ##.Z####
#..# #### #..#
#######..########..#
...................#
.(...(..|.........÷###
########.#########.).#


You could see an orc priest, a hobgoblin zombie and 3 ogre zombies.

Vanquished Creatures
  An ugly thing (D:8)
  Joseph (D:8)
  Grinder (D:5)
  A hippogriff (D:8)
  2 hungry ghosts
  Menkaure (D:7)
  A soldier ant (D:5)
  Duvessa (D:4)
  An ice beast (D:8)
  An orc warrior (D:6)
  3 sky beasts (D:5)
  3 phantoms
  2 centaurs
  5 ogres
  A crocodile (D:7)
  A troll zombie (D:9)
  A scorpion (D:7)
  7 killer bees
  4 wights (D:8)
  A howler monkey (D:4)
  2 crimson imps
  2 orc priests
  A hound (D:8)
  5 orc wizards
  3 bullfrog skeletons
  16 worker ants
  An iguana (D:7)
  2 hound skeletons (D:5)
  8 adders
  2 shadow imps
  An ooze (D:1)
  2 adder skeletons
  2 worms (D:5)
  5 leopard geckos
  16 orcs
  6 bats
  A bat zombie (D:5)
  6 giant cockroaches
  3 goblins (D:1)
  11 hobgoblins
  6 jackals
  8 kobolds
  4 quokkas
  4 frilled lizards
  A goblin skeleton (D:9)
  A hobgoblin zombie (D:9)
  A jackal skeleton (D:4)
  2 leopard gecko skeletons
  A leopard gecko zombie (D:7)
  4 orc zombies (D:9)
  2 quokka skeletons
  9 rats
  A rat zombie (D:5)
178 creatures vanquished.

Notes
Turn   | Place    | Note
-------+----------+-------------------------------------------
     0 | D:1      | mikkilangelo the Gargoyle Fighter began the quest for the Orb.
     0 | D:1      | Reached XP level 1. HP: 14/14 MP: 1/1
    40 | D:1      | Reached XP level 2. HP: 2/19 MP: 2/2
   472 | D:1      | Reached XP level 3. HP: 23/24 MP: 3/3
   943 | D:2      | Reached skill level 4 in Shields
   994 | D:2      | Found a bloodstained altar of Trog.
  1657 | D:3      | Reached XP level 4. HP: 28/29 MP: 4/4
  2210 | D:4      | Noticed Duvessa
  2224 | D:4      | Killed Duvessa
  2224 | D:4      | Reached XP level 5. HP: 34/34 MP: 5/5
  2344 | D:4      | Reached skill level 5 in Shields
  2385 | D:4      | Reached XP level 6. HP: 39/39 MP: 6/6
  2555 | D:4      | HP: 2/58 [killer bee (5)]
  3176 | D:4      | Reached skill level 5 in Fighting
  3691 | D:4      | Reached skill level 6 in Shields
  3691 | D:4      | Reached XP level 7. HP: 26/44 MP: 7/7
  4214 | D:5      | Entered Level 5 of the Dungeon
  4307 | D:5      | Noticed Grinder
  4335 | D:5      | Killed Grinder
  4335 | D:5      | Reached skill level 5 in Armour
  4335 | D:5      | Reached skill level 7 in Shields
  4335 | D:5      | Reached XP level 8. HP: 33/50 MP: 8/8
  4594 | D:5      | Found a snail-covered altar of Cheibriados.
  4741 | D:5      | Found a runed door.
  4757 | D:5      | Found a runed door.
  5259 | D:5      | Reached skill level 5 in Maces & Flails
  5259 | D:5      | Reached skill level 8 in Shields
  5465 | D:5      | Paralysed by a centaur for 6 turns
  5478 | D:5      | Reached XP level 9. HP: 34/56 MP: 9/9
  5662 | D:5      | Found an ancient bone altar of Kikubaaqudgha.
  5784 | D:5      | Found a bloodstained altar of Trog.
  5790 | D:5      | Found a glowing silver altar of Zin.
  5790 | D:5      | Found a shimmering altar of Xom.
  5792 | D:5      | Found a shadowy altar of Dithmenos.
  5794 | D:5      | Found a hide-covered altar of Uskayaw.
  5795 | D:5      | Found an opulent altar of Gozag.
  5888 | D:6      | Noticed Menkaure
  6445 | D:6      | Found a hazy altar of Hepliaklqana.
  6827 | D:7      | Killed Menkaure
  6827 | D:7      | Reached skill level 9 in Shields
  6892 | D:7      | Found a white marble altar of Elyvilon.
  6892 | D:7      | Found a radiant altar of Vehumet.
  7149 | D:7      | Found a staircase to the Ecumenical Temple.
  7388 | Temple   | Entered the Ecumenical Temple
  7457 | Temple   | Became a worshipper of Qazlal Stormbringer
  8127 | D:8      | Noticed a cyan ugly thing
  8707 | D:8      | Killed a cyan ugly thing
  8867 | D:8      | Reached skill level 10 in Shields
  8898 | D:8      | Reached XP level 10. HP: 48/64 MP: 10/10
  8908 | D:8      | Found a hazy altar of Hepliaklqana.
  9260 | D:8      | Noticed Joseph
  9275 | D:8      | Killed Joseph
  9702 | D:9      | Reached * piety under Qazlal
  9755 | D:9      | Killed from afar by an orc priest

Skill      XL: |  1  2  3  4  5  6  7  8  9 10 |
---------------+-------------------------------+-----
Shields        | 4 5 6 7 8 10 | 10.8
Fighting       | 4 5 6 7 8 |  8.1
Maces & Flails | 3 4 5 6 7 |  7.0
Armour         | 4 5 6 7 |  7.9

Action                   |  1- 3 |  4- 6 |  7- 9 | 10-12 || total
-------------------------+-------+-------+-------+-------++-------
Melee: Flail             |   165 |   176 |   582 |       ||   923
       Mace              |       |       |    52 |   179 ||   231
Evoke: Wand              |       |       |       |     1 ||     1
  Use: Potion            |     1 |     7 |     3 |       ||    11
       Scroll            |     5 |     5 |     8 |     1 ||    19
  Eat: Chunk             |     3 |     3 |     5 |       ||    11
       Bread ration      |       |     1 |     3 |       ||     4
       Meat ration       |       |       |     2 |     1 ||     3
       Royal jelly       |       |       |     1 |       ||     1
Armor: Scale mail        |   109 |   103 |   232 |       ||   444
       Skin              |       |    41 |       |       ||    41
       Plate armour      |       |       |   131 |   114 ||   245
Dodge: Dodged            |    69 |    56 |   149 |    36 ||   310
Block: Shield            |   100 |   128 |   324 |   166 ||   718
